 Dungeon Crawl Stone Soup version 0.30.1-3-gfc49f6343a (webtiles) character file.

Game seed: 5696026218172459992

2668 Nellin the Covered (level 9, -17/69 HPs)
             Began as a Demonspawn Berserker on July 30, 2023.
             Was a Believer of Trog.
             Demolished by a two-headed ogre
             ... wielding a +0 giant spiked club
              (26 damage)
             ... on level 8 of the Dungeon.
             The game lasted 00:18:40 (3126 turns).

Nellin the Covered (Demonspawn Berserker)           Turns: 3126, Time: 00:18:44

Health: -17/69     AC: 10    Str: 23    XL:     9   Next: 37%
Magic:  9/9        EV: 18    Int:  8    God:    Trog [**....]
Gold:   185        SH:  0    Dex: 12    Spells: 8/8 levels left

rFire   . . .        G - +5 spear
rCold   . . .        (no shield)
rNeg    . . .        O - +0 acid dragon scales
rPois   .            u - +0 helmet
rElec   .            (no cloak)
rCorr   +            E - +0 pair of gloves
SInv    .            (boots unavailable)
Will    +....        (no amulet)
Stlth   +            p - ring of willpower
HPRegen 0.31/turn    (no ring)
MPRegen 0.11/turn

%: no passive effects
@: agile, on berserk cooldown, slowed, very slow
A: hooves 3, powered by pain 1, spiny 1
a: Renounce Religion, Berserk, Trog's Hand


You were on level 8 of the Dungeon.
You worshipped Trog.
Trog was pleased with you.
You visited 2 branches of the dungeon, and saw 9 of its levels.

You collected 185 gold pieces.

Inventory:

Hand Weapons
 a - a +0 falchion
 i - a +2 short sword of holy wrath
 k - a +0 mace
 s - a +0 flail
 y - a +3 dagger
 A - a +0 shortbow
 D - a +0 hand axe
 G - a +5 spear (weapon)
 H - a +2 battleaxe
 I - a +0 falchion
 N - a +3 halberd
Missiles
 c - 10 poisoned darts (quivered)
 d - 50 stones
 v - 3 throwing nets
Armour
 b - a +0 animal skin
 j - a +0 ring mail
 m - a +0 scale mail
 n - the +1 leather armour "Piadiuho" {rPois Str-4 Dex+3 SInv}
   (You found it on level 3 of the Dungeon)

   Str:       It affects your strength (-4).
   Dex:       It affects your dexterity (+3).
   rPois:     It protects you from poison.
   SInv:      It lets you see invisible.
 u - a +0 helmet (worn)
 w - an orb of guile
 E - a +0 pair of gloves (worn)
 J - a +0 robe
 K - a +0 robe
 O - +0 acid dragon scales (worn)
Jewellery
 p - a ring of willpower (left hand)
Scrolls
 e - 2 scrolls of enchant weapon {unknown}
 g - 3 scrolls of identify {unknown}
 o - 2 scrolls of teleportation
 q - a scroll of poison {unknown}
 r - a scroll of brand weapon {unknown}
 t - a scroll of immolation {unknown}
 x - a scroll of magic mapping {unknown}
 F - a scroll of vulnerability {unknown}
 L - a scroll of fog {unknown}
Potions
 f - a potion of haste {unknown}
 h - a potion of magic {unknown}
 l - a potion of attraction {unknown}
 z - a potion of brilliance {unknown}
 B - a potion of might {unknown}
 C - 2 potions of resistance {unknown}
 M - a potion of curing {unknown}


   Skills:
 + Level 5.8 Fighting
 + Level 2.2(3.6) Short Blades
 + Level 4.3(4.6) Long Blades
 + Level 4.8 Maces & Flails
 + Level 4.1 Polearms
 + Level 6.0 Armour
 + Level 4.7 Dodging
 + Level 0.3 Stealth


You had 8 spell levels left.
You didn't know any spells.
Your spell library contained the following spells:

 Spells                   Type           Power      Damage    Failure   Level
 Sting                    Tmut/Pois      0%         1d3       47%         1
 Poisonous Vapours        Pois/Air       0%         N/A       63%         2
 Olgreb's Toxic Radiance  Pois           0%         N/A       99%         4


Dungeon Overview and Level Annotations

Branches:
Dungeon (8/15)             Temple (1/1) D:6
   Lair: D:8-11

Altars:
Okawaru
Uskayaw


Innate Abilities, Weirdness & Mutations

You have hooves in place of feet.
You sometimes gain a little power by taking damage.
You are partially covered in sharp spines.


Message History

The hound is struck by your spines. The hound barely misses you.
You are too berserk!
You puncture the troll!
You kill the troll!
Trog accepts your kill.
A wolf comes into view.
Your Armour skill increases to level 6!
The wolf howls!
The two-headed ogre is struck by your spines.
The two-headed ogre closely misses you. The two-headed ogre barely misses you.
You see here a troll corpse.
You feel a strong urge to attack something.
The hound bites you but does no damage.
The wolf stops to sniff the ground.
The wolf is struck by your spines. The wolf closely misses you.
You puncture the hound!
You kill the hound!
Trog accepts your kill. The wolf is struck by your spines.
The wolf barely misses you.
The two-headed ogre hits you with a +0 giant spiked club.
* * * LOW HITPOINT WARNING * * *
The two-headed ogre closely misses you.
You hit the wolf.
The wolf is severely wounded.
The wolf bites you!
* * * LOW HITPOINT WARNING * * *
You barely miss the wolf. Your kick misses the wolf.
The wolf is severely wounded.
The wolf is struck by your spines.
You kill the wolf!
Trog accepts your kill.
Your Polearms skill increases to level 4!
Unknown command.
You are no longer berserk.
You are exhausted.
You feel yourself slow down.
The two-headed ogre is struck by your spines.
The two-headed ogre completely misses you.
The two-headed ogre hits you with a +0 giant spiked club!!
You die...

. ##.## .. #... .~~.~≈
#.##..# ....≈≈ #.....#
###.....~ .####.#######
#.......
.#....†.....####.#...
...#..#####.#......#
...#......#.#...Oh.#
....#.###.#.#...@..####
###.....#................
....##..###.#......####..
....# ......###....#
###.# ....### #.####
....##....# ..#
######...... #.##
....##..#...##.
..#.......#>...


You could see a two-headed ogre and a wolf.

Vanquished Creatures
  Maggie (D:7)
  A troll (D:8)
  A hornet (D:8)
  Prince Ribbit (D:7)
  Menkaure (D:5)
  A water moccasin (D:5)
  2 ice beasts
  A sky beast (D:7)
  3 black bears
  A wolf (D:8)
  A centaur (D:5)
  A phantom (D:6)
  Blork the orc (D:5)
  A scorpion (D:6)
  3 wights (D:5)
  2 gnoll boudas
  4 hounds
  A jelly (D:5)
  A sleepcap (D:6)
  An iguana (D:7)
  10 gnolls
  5 adders
  An ufetubus (D:5)
  2 dart slugs (D:3)
  12 orcs
  4 ball pythons
  2 bats
  An endoplasm (D:1)
  A giant cockroach (D:2)
  4 goblins
  4 hobgoblins
  3 jackals (D:1)
  A quokka (D:3)
  2 frilled lizards
  2 kobolds (D:3)
  A rat (D:2)
84 creatures vanquished.

Notes
Turn   | Place    | Note
-------+----------+-------------------------------------------
     0 | D:1      | Nellin the Demonspawn Berserker began the quest for the
                  | Orb.
     0 | D:1      | Reached XP level 1. HP: 18/18 MP: 1/1
   301 | D:1      | Gained mutation: You are partially covered in sharp spines.
                  | [demonic ancestry]
   301 | D:1      | Reached XP level 2. HP: 2/24 MP: 2/2
   301 | D:1      | HP: 1/24 [jackal (1)]
   583 | D:3      | Found a hide-covered altar of Uskayaw.
   604 | D:3      | Gained mutation: You sometimes gain a little power by
                  | taking damage. [demonic ancestry]
   604 | D:3      | Reached XP level 3. HP: 16/29 MP: 3/3
   779 | D:3      | Identified the +1 leather armour "Piadiuho" {rPois Str-4
                  | Dex+3 SInv}
  1186 | D:4      | Reached XP level 4. HP: 5/35 MP: 4/4
  1188 | D:4      | Reached skill level 1 in Maces & Flails
  1326 | D:5      | Entered Level 5 of the Dungeon
  1326 | D:5      | Noticed Menkaure
  1337 | D:5      | Killed Menkaure
  1338 | D:5      | Reached skill level 2 in Armour
  1338 | D:5      | Gained mutation: You have large cloven feet. [demonic
                  | ancestry]
  1338 | D:5      | Reached XP level 5. HP: 10/42 MP: 5/5
  1503 | D:5      | Noticed a water moccasin
  1510 | D:5      | Killed a water moccasin
  1511 | D:5      | Reached XP level 6. HP: 45/48 MP: 6/6
  1702 | D:5      | Noticed Blork the orc
  1710 | D:5      | Killed Blork the orc
  1711 | D:5      | Gained mutation: You have hoof-like feet. [demonic
                  | ancestry]
  1711 | D:5      | Reached XP level 7. HP: 54/54 MP: 7/7
  1863 | D:5      | Reached ** piety under Trog
  1895 | D:5      | Reached skill level 3 in Armour
  2388 | D:5      | Reached skill level 1 in Short Blades
  2483 | D:6      | Reached XP level 8. HP: 60/61 MP: 8/8
  2490 | D:6      | Found a staircase to the Ecumenical Temple.
  2500 | Temple   | Entered the Ecumenical Temple
  2556 | D:6      | Reached skill level 4 in Armour
  2665 | D:6      | Reached skill level 5 in Fighting
  2665 | D:6      | Reached skill level 1 in Polearms
  2716 | D:7      | Noticed Prince Ribbit
  2724 | D:7      | Killed Prince Ribbit
  2725 | D:7      | Reached skill level 5 in Armour
  2810 | D:7      | Noticed Maggie
  2828 | D:7      | Killed Maggie
  2829 | D:7      | Gained mutation: You have hooves in place of feet. [demonic
                  | ancestry]
  2829 | D:7      | Reached XP level 9. HP: 30/68 MP: 9/9
  3107 | D:8      | Noticed a two-headed ogre
  3108 | D:8      | Noticed a troll
  3120 | D:8      | Killed a troll
  3121 | D:8      | Reached skill level 6 in Armour
  3126 | D:8      | Demolished by a two-headed ogre

Illustrated notes

Levels and vault maps discovered:
D:1:      lemuel_arrival_funnel, layout_loops_corners, minmay_misc_feat_pillars
D:2:      kennysheep_the_goblin_king, layout_basic, uniq_terence
D:3:      layout_basic, eat_drink_and_be_merry_uskayaw, chequers_avenue,
          dreamdust_mushroom_princess, corexii_leaking_fountain,
          kennysheep_big_empty_room
D:4:      layout_basic, enter_ossuary_4
D:5:      layout_layer_cave, jmf_multi_god_temple2, uniq_menkaure,
          uniq_blork_the_orc, uniq_edmund
D:6:      layout_loops_ring, minmay_temple_entry_poolview, serial_park_tiny_2
D:7:      minmay_the_grid_triangle_9x9_recursive_2
          [minmay_the_grid_triangle_9x9_prize_top_heavy,
          minmay_the_grid_triangle_9x9_tough_junction,
          minmay_the_grid_triangle_9x9_pentomino_pain,
          minmay_the_grid_triangle_9x9_windchime], layout_gridville,
          uniq_prince_ribbit1, uniq_maggie
D:8:      layout_basic, mainiacjoe_overflow_surrounded_room, erik_lair_island
Temple:   mainiacjoe_temple_coin_purse

Skill      XL: |  1  2  3  4  5  6  7  8  9 |
---------------+----------------------------+-----
Long Blades    | 3 4 |  4.3
Dodging        | 2 3 4 |  4.7
Maces & Flails | 1 2 3 4 |  4.8
Armour         | 2 3 5 6 |  6.0
Fighting       | 4 5 |  5.8
Short Blades   | 1 2 |  2.2
Polearms       | 2 4 |  4.1
Stealth        | |  0.3

Action                     |  1- 3 |  4- 6 |  7- 9 || total
---------------------------+-------+-------+-------++-------
  Melee: Falchion          |    38 |       |       ||    38
         Mace              |    21 |    19 |       ||    40
         Kick              |       |    11 |    36 ||    47
         Dagger            |       |     8 |    29 ||    37
         Spear             |       |       |    91 ||    91
         Punch             |       |       |     1 ||     1
 Invoke: Berserk           |     3 |     1 |     2 ||     6
         Trog's Hand       |       |       |     1 ||     1
    Use: Potion            |     1 |       |       ||     1
         Scroll            |     1 |       |       ||     1
 Armour: Animal skin       |    11 |       |       ||    11
         Scale mail        |     9 |    13 |    44 ||    66
         Acid dragon scale |       |       |    16 ||    16
  Dodge: Dodged            |    53 |    20 |    94 ||   167
